 Dungeon Crawl Stone Soup version 0.30-a0-857-gcaf70739d4 (webtiles) character file.

Game seed: 9567118416133140163

43674 demibob the Carver (level 13, -37/101 HPs)
             Began as a Demonspawn Wanderer on Mar 5, 2023.
             Was the Champion of Lugonu.
             Killed from afar by a lich (65 damage)
             ... with a bolt of cold
             ... summoned by Lugonu's corruption
             ... on level 5 of the Lair of Beasts.
             The game lasted 00:26:41 (17528 turns).

demibob the Carver (Demonspawn Wanderer)           Turns: 17528, Time: 00:26:41

Health: -37/101    AC: 23    Str: 18    XL:     13   Next: 92%
Magic:  19/19      EV:  8    Int: 13    God:    Lugonu [******]
Gold:   973        SH:  5    Dex: 13    Spells: 12/12 levels left

rFire   . . .      SeeInvis .    a - +3 falchion (elec)
rCold   . . .      Faith    .    (no shield)
rNeg    . . .      Spirit   .    k - +0 chain mail
rPois   +          Reflect  +    V - +1 hat
rElec   .          Rampage  .    Y - +1 cloak
rCorr   .                        e - +0 pair of gloves
Will    .....                    (no boots) Stlth
                                 y - amulet of reflection
HPRegen 0.36/turn                T - +4 ring of protection
MPRegen 0.16/turn                P - ring of poison resistance

@: very slow
A: horns 1, ignite blood 3, powered by death 1, sharp scales 2
a: Renounce Religion, Depart the Abyss, Banish, Corrupt, Enter the Abyss, Brand
Weapon With Distortion


You were on level 5 of the Lair of Beasts.
You worshipped Lugonu.
Lugonu was exalted by your worship.
You visited 2 branches of the dungeon, and saw 16 of its levels.
You visited the Abyss 1 time.
You also visited: Ossuary.

You collected 973 gold pieces.


Innate Abilities, Weirdness & Mutations

You have a pair of small horns on your head.
Your demonic aura causes all spilled blood to erupt in flames.
You regenerate a little health from kills.
You are mostly covered in razor-sharp scales. (AC +2, Slay +2)


   Skills:
 + Level 9.0 Fighting
 - Level 5.4(10.3) Short Blades
 - Level 13.5(14.0) Long Blades
 + Level 12.8 Armour
 - Level 1.7 Dodging
 + Level 8.2 Invocations
 - Level 8.0 Evocations


You had 12 spell levels left.
You didn't know any spells.
Your spell library contained the following spells:

 Spells                   Type           Power      Damage    Failure   Level
 Apportation              Tloc           0%         N/A       92%         1
 Beastly Appendage        Tmut           0%         N/A       92%         1
 Necrotise                Necr           0%         1d4       92%         1
 Sandblast                Erth           0%         2d4       92%         1
 Slow                     Hex            0%         N/A       92%         1
 Summon Small Mammal      Summ           0%         N/A       92%         1
 Passwall                 Tmut/Erth      0%         N/A       98%         2
 Wereblood                Tmut           0%         N/A       98%         2
 Confusing Touch          Hex            0%         N/A       100%        3
 Hailstorm                Conj/Ice       0%         3d3       100%        3
 Spider Form              Tmut/Pois      0%         N/A       100%        3
 Stone Arrow              Conj/Erth      0%         3d7       100%        3
 Vampiric Draining        Necr           0%         2d6       100%        3
 Ice Form                 Ice/Tmut       0%         N/A       100%        4
 Simulacrum               Ice/Necr       0%         N/A       100%        6

Inventory:

Hand Weapons
 a - a +3 falchion of electrocution (weapon)
 b - a +3 spectral short sword
 o - a +2 dagger of venom
Missiles
 z - 2 throwing nets {=f}
Armour
 e - a +0 pair of gloves (worn)
 k - a +0 chain mail (worn)
 V - a +1 hat (worn)
 Y - a +1 cloak (worn)
Magical Staves
 U - a staff of earth {!a}
Jewellery
 c - a ring of protection from cold
 f - a ring of protection from fire
 t - a +4 ring of protection
 y - an amulet of reflection (around neck)
 C - a ring of ice
 F - a ring of protection from fire
 L - a ring of flight
 P - a ring of poison resistance (right hand)
 T - a +4 ring of protection (left hand)
Wands
 v - a wand of flame (31)
 N - a wand of charming (1)
 X - a wand of polymorph (1)
Scrolls
 d - 2 scrolls of magic mapping
 i - 8 scrolls of fog
 j - 6 scrolls of teleportation {@r2}
 l - a scroll of identify {@r1}
 n - 9 scrolls of amnesia
 r - 3 scrolls of enchant armour
 G - 4 scrolls of vulnerability
 Q - a scroll of poison
 Z - a scroll of enchant weapon
Potions
 g - 3 potions of might
 m - 2 potions of attraction
 q - 3 potions of mutation
 s - 2 potions of resistance
 w - 2 potions of magic
 x - 2 potions of flight
 A - 3 potions of lignification
 B - 3 potions of ambrosia
 D - 4 potions of brilliance
 H - 2 potions of invisibility
 I - 2 potions of cancellation
 M - 2 potions of haste {@q3}
Miscellaneous
 E - a lightning rod (inert)
 K - a condenser vane (inert)
 R - a phantom mirror

Dungeon Overview and Level Annotations

Branches:
Dungeon (11/15)            Temple (0/1) D:7            Lair (5/5) D:11
 Shoals (0/4) Lair:2       Spider (0/4) Lair:2        Slime (0/5) Lair:5
    Orc (0/2) D:10        Ossuary (visited)

Altars:
Gozag
Trog
Wu Jian
Xom
Lugonu

Annotations:
Lair:4 1 runed translucent door, oldriver's ghost, journeyman MeRe
Lair:5 corrupted

∩** ##...#▒....#...,**,,* ,,*
###.<.~#.......~,,,,,*** ,,*
##..#...~..†/..~,,,,,,,,*** ,,*
#......~....~~~~~~,~,~,~,,*** ***
#....~...~~~~~*~~~~~~~~~~,,,~
****##.^..~≈~≈~~##*~~~~~~~~~~~,,~
**,* #...~P~≈~~5~##*~~~h~~~~~~~,~
*,,**#.~~~~~~≈~~~~####≈≈~~~~~~~~,
,,,,*####.~~~~≈≈@X#~~~~~~~~~~~~~,
,,*,*,**####~.~~4{55~~~~~~~~~~~~~
,,,**,~~***#######L3☼~~~~~~~~~~~~
*,,,*,~~~~~**,*#F~†~§.~~~~~~~~~~~
**,,,,~~~~~~~~.~~F($~P.~~≈~~~~~~~
**,,~~~~~~~~~~~~!??(~~~~≈~~~~,~~
****,,~~~~~~≈~.~~~($?~~.~~~~~~~~~
*,,,~~~~~~~~~~~F~~~~~~####~~~~~~~
*,,,,~~~~~~~~~~~~~~~###****~*~~~~


You could see a neutral lich (summoned, fast, distracted), a neutral orange
demon (summoned, wandering), a neutral thrashing horror (summoned, wandering), a
neutral smoke demon (summoned, wandering), a neutral quasit (summoned,
wandering) and 2 neutral white imps.


Message History

The living lightning hits the cane toad!!
The cane toad dies!
The raiju blinks!
The lich splashes around in the water.
Something misses the tyrant leech.
You feel sick.
The lich gestures at the tyrant leech while chanting.
The bolt of cold hits the tyrant leech!!!
Something hits the tyrant leech!
The tyrant leech dies!
You feel sick.
Something hits the lich but does no damage.
The orange demon splashes around in the water.
The orange demon hits you but does no damage.
You feel less invigorated.
You feel less confused.
You feel sick.
Something hits the lich but does no damage.
The lich launches a ball of destructive magic.
Deactivating autopickup; reactivate with Ctrl-A.
You closely miss something.
You hear a chilling moan.
You feel sick. Something hits you but does no damage.
Unknown command.
You feel sick.
You are no longer poisoned.
You hear a splashing noise.
The lich casts a spell at you.
The bolt of cold hits something.
The bolt of cold hits you!!!
Ouch! That really hurt!
You die...

Skill      XL: |  1  2  3  4  5  6  7  8  9 10 11 12 13 |
---------------+----------------------------------------+-----
Short Blades   | 4 5 |  5.4
Long Blades    | 2 3 5 6 7 9 11 12 13 | 13.5
Armour         | 1 3 6 7 8 9 11 12 | 12.8
Fighting       | 6 9 |  9.0
Evocations     | 4 8 |  8.0
Invocations    | 1 8 |  8.2
Dodging        | |  1.7

Action                     |  1- 3 |  4- 6 |  7- 9 | 10-12 | 13-15 || total
---------------------------+-------+-------+-------+-------+-------++-------
  Melee: Short sword       |   107 |       |       |       |       ||   107
         Punch             |     2 |       |     7 |    11 |     4 ||    24
         Falchion          |       |    78 |   380 |   660 |   269 ||  1387
         Dagger            |       |    17 |       |       |       ||    17
         Headbutt          |       |       |    72 |   152 |    78 ||   302
 Invoke: Depart the Abyss  |       |       |       |     1 |       ||     1
         Corrupt           |       |       |       |       |     1 ||     1
  Evoke: Wand              |       |       |       |    10 |    13 ||    23
         Lightning rod     |       |       |       |     2 |     4 ||     6
         Condenser vane    |       |       |       |     2 |     1 ||     3
    Use: Scroll            |     4 |     9 |    12 |    10 |     6 ||    41
         Potion            |     1 |     2 |       |     5 |     4 ||    12
   Stab: Sleeping          |     1 |       |       |       |       ||     1
 Armour: Leather armour    |    33 |    34 |       |       |       ||    67
         Chain mail        |       |     4 |   235 |   360 |   124 ||   723
  Dodge: Dodged            |    46 |    42 |   136 |   219 |    84 ||   527
  Block: Other             |       |       |    23 |   123 |    38 ||   184
         Reflection        |       |       |     1 |    13 |       ||    14

Levels and vault maps discovered:
D:1:      saegor_arrival_under_anarchy, layout_basic,
          ebering_ecumenical_altar_box
D:2:      layout_basic, uniq_jessica
D:3:      layout_basic, chequers_temple_overflow_statue_of_worship,
          moated_statue
D:4:      layout_loops_cross, uniq_duvessa, uniq_blork_the_orc, uniq_ijyb
D:5:      layout_basic, nicolae_gozag_cash_rules_everything_around_me
D:6:      layout_basic, enter_ossuary_4, uniq_sigmund, uniq_grinder
D:7:      layout_basic, temple_fountains, hangedman_decor_opposing
D:8:      layout_gridville, serial_ice, serial_ice_d, serial_ice_l,
          serial_ice_o, serial_ice_f, serial_ice_m, serial_ice_h, serial_ice_n,
          serial_ice_c, dreamdust_mushroom_princess
D:9:      layout_long_grid, grunt_ogre_cave, minmay_joined_circles
D:10:     layout_roguey, orc_0_dummy, uniq_erolcha, uniq_grum
D:11:     layout_gridville, minmay_lair_entry_grove
Lair:1:   layout_concentric_octagons, small_statue_intersection,
          grunt_megastairs_5
Lair:2:   layout_loops_ring, shoals_dummy_entry, spider_nest_entry_rubble,
          serial_forest, infiniplex_forest_clump_long,
          infiniplex_forest_straight_4, infiniplex_forest_clump_tiny,
          infiniplex_forest_lined_2, infiniplex_forest_zigzag_1,
          infiniplex_forest_clump_curved, infiniplex_forest_lined_2,
          grunt_megastairs_2
Lair:3:   layout_loops_ring, uniq_urug
Lair:4:   layout_concentric_octagons, ebering_ghost_xom, st_stairs_9
Lair:5:   minmay_lair_end_frog_pond, layout_loops_ring,
          nicolae_slime_entry_slimehenge, nicolae_volcano_entry_s_turn

Notes
Turn   | Place    | Note
-------+----------+-------------------------------------------
     0 | D:1      | demibob the Demonspawn Wanderer began the quest for the
                  | Orb.
     0 | D:1      | demibob set off with the following items: a +3 short sword,
                  | a +0 helmet, a potion of curing {@q1}, a +0 leather armour.
     0 | D:1      | Reached XP level 1. HP: 18/18 MP: 1/1
   114 | D:1      | Reached skill level 4 in Short Blades
   143 | D:1      | Gained mutation: Your demonic aura sometimes causes spilled
                  | blood to erupt in flames. [demonic ancestry]
   143 | D:1      | Reached XP level 2. HP: 24/24 MP: 2/2
   185 | D:1      | Found a faded altar of an unknown god.
   201 | D:1      | Prayed at the altar of an unknown god.
   201 | D:1      | Became a worshipper of Lugonu the Unformed
   201 | D:1      | Reached * piety under Lugonu
   561 | D:1      | Reached XP level 3. HP: 29/29 MP: 3/3
  1001 | D:2      | Noticed Jessica
  1029 | D:2      | Killed Jessica
  1030 | D:2      | Reached skill level 5 in Short Blades
  1030 | D:2      | Reached XP level 4. HP: 19/35 MP: 4/4
  1255 | D:2      | Reached ** piety under Lugonu
  1792 | D:3      | Reached skill level 1 in Long Blades
  1845 | D:3      | Found a shimmering altar of Xom.
  1847 | D:3      | Found an ornate altar of the Wu Jian Council.
  1847 | D:3      | Found a bloodstained altar of Trog.
  1882 | D:3      | Reached skill level 2 in Long Blades
  1882 | D:3      | Gained mutation: You are partially covered in razor-sharp
                  | scales. (AC +1, Slay +1) [demonic ancestry]
  1882 | D:3      | Reached XP level 5. HP: 34/41 MP: 5/5
  2432 | D:3      | Identified a potion of resistance
  2453 | D:4      | Noticed Duvessa
  2455 | D:4      | Noticed Dowan
  2455 | D:4      | Noticed Blork the orc
  2513 | D:3      | Killed Blork the orc
  2514 | D:3      | Reached skill level 3 in Long Blades
  2611 | D:4      | HP: 1/41 [Dowan/puff of flame (5)]
  2761 | D:3      | Reached XP level 6. HP: 39/47 MP: 6/6
  2791 | D:4      | Killed Dowan
  2792 | D:4      | Noticed Ijyb
  2799 | D:4      | Killed Duvessa
  2800 | D:4      | Reached skill level 4 in Long Blades
  2800 | D:4      | Killed Ijyb
  2918 | D:4      | Reached skill level 5 in Long Blades
  2918 | D:4      | Reached skill level 1 in Armour
  2918 | D:4      | Gained mutation: You have a pair of small horns on your
                  | head. [demonic ancestry]
  2918 | D:4      | Reached XP level 7. HP: 43/52 MP: 7/7
  3371 | D:4      | Reached skill level 2 in Armour
  3642 | D:5      | Entered Level 5 of the Dungeon
  3793 | D:5      | Reached *** piety under Lugonu
  3818 | D:5      | Reached skill level 3 in Armour
  4006 | D:5      | Reached skill level 6 in Long Blades
  4243 | D:5      | Found an opulent altar of Gozag.
  4281 | D:5      | Noticed a wyvern
  4288 | D:5      | Killed a wyvern
  4289 | D:5      | Gained mutation: Your demonic aura often causes spilled
                  | blood to erupt in flames. [demonic ancestry]
  4289 | D:5      | Reached XP level 8. HP: 44/58 MP: 8/8
  4484 | D:6      | Noticed Grinder
  4491 | D:6      | Killed Grinder
  4492 | D:6      | Reached skill level 4 in Armour
  4773 | D:6      | Found a sand-covered staircase.
  4781 | Ossuary  | Entered an ossuary
  4923 | Ossuary  | Reached skill level 7 in Long Blades
  4940 | Ossuary  | Reached skill level 5 in Armour
  5133 | Ossuary  | Reached **** piety under Lugonu
  5433 | D:6      | Reached skill level 6 in Armour
  5433 | D:6      | Reached XP level 9. HP: 35/63 MP: 9/9
  5530 | D:6      | Noticed Sigmund
  5540 | D:6      | Reached skill level 8 in Long Blades
  5543 | D:6      | Killed Sigmund
  5717 | D:6      | Killed an unseen horror
  6107 | D:7      | Found a staircase to the Ecumenical Temple.
  6290 | D:7      | Reached skill level 7 in Armour
  6717 | D:8      | Noticed a polar bear
  6724 | D:8      | Reached skill level 9 in Long Blades
  6724 | D:8      | Noticed a gargoyle
  6737 | D:7      | Killed a polar bear
  6791 | D:8      | Killed a gargoyle
  6959 | D:8      | Gained mutation: You regenerate a little health from kills.
                  | [demonic ancestry]
  6959 | D:8      | Reached XP level 10. HP: 29/71 MP: 10/10
  7129 | D:8      | Reached ***** piety under Lugonu
  7133 | D:8      | Reached skill level 4 in Fighting
  7486 | D:8      | Reached skill level 10 in Long Blades
  7486 | D:8      | Reached skill level 8 in Armour
  8529 | D:9      | Noticed a two-headed ogre
  8547 | D:9      | Killed a two-headed ogre
  8548 | D:9      | Reached skill level 5 in Fighting
  8982 | D:9      | Reached skill level 11 in Long Blades
  9346 | D:9      | Reached skill level 6 in Fighting
  9346 | D:9      | Gained mutation: Your demonic aura causes all spilled blood
                  | to erupt in flames. [demonic ancestry]
  9346 | D:9      | Reached XP level 11. HP: 74/81 MP: 11/11
  9876 | D:10     | Entered Level 10 of the Dungeon
  9881 | D:10     | Reached skill level 9 in Armour
  9913 | D:10     | Identified the +0 spear "Seodoy Foad" {flame, rF- Int+2
                  | Dex+3 Stlth+}
 10303 | D:10     | Noticed Grum
 10323 | D:10     | Killed Grum
 10324 | D:10     | Reached skill level 2 in Evocations
 10359 | D:10     | Noticed Erolcha
 10364 | D:10     | You are cast into the Abyss!
 10364 | Abyss:1  | Cast into level 1 of the Abyss (Erolcha)
 10391 | D:10     | You pass through the gate.
 10391 | D:10     | Escaped the Abyss
 10395 | D:10     | Killed Erolcha
 10454 | D:10     | Reached skill level 12 in Long Blades
 10455 | D:10     | Reached skill level 3 in Evocations
 10671 | D:10     | Found a staircase to the Orcish Mines.
 11015 | D:11     | Found a staircase to the Lair.
 11097 | D:11     | Reached skill level 4 in Evocations
 11187 | D:11     | Noticed a boulder beetle
 11196 | D:11     | Killed a boulder beetle
 11498 | D:11     | Gained mutation: You are mostly covered in razor-sharp
                  | scales. (AC +2, Slay +2) [demonic ancestry]
 11498 | D:11     | Reached XP level 12. HP: 65/88 MP: 12/12
 11500 | D:11     | Reached skill level 10 in Armour
 11507 | D:11     | Reached skill level 13 in Long Blades
 11899 | D:11     | Reached skill level 5 in Evocations
 12200 | Lair:1   | Entered Level 1 of the Lair of Beasts
 12471 | Lair:1   | Reached ****** piety under Lugonu
 12806 | Lair:1   | Reached skill level 6 in Evocations
 13148 | Lair:2   | Reached skill level 11 in Armour
 13154 | Lair:2   | Reached skill level 7 in Evocations
 13175 | Lair:2   | Noticed a death yak
 13244 | Lair:2   | Killed a death yak
 13253 | Lair:2   | Reached skill level 8 in Evocations
 13362 | Lair:2   | Found a hole to the Spider Nest.
 13839 | Lair:2   | Reached skill level 1 in Invocations
 13877 | Lair:2   | Found a staircase to the Shoals.
 14080 | Lair:3   | Noticed a six-headed hydra
 14343 | Lair:3   | Reached XP level 13. HP: 94/94 MP: 12/14
 14403 | Lair:3   | Reached skill level 2 in Invocations
 14782 | Lair:3   | Noticed Urug
 14807 | Lair:3   | Killed Urug
 14995 | Lair:3   | Reached skill level 3 in Invocations
 15194 | Lair:3   | Reached skill level 7 in Fighting
 15690 | Lair:4   | Reached skill level 4 in Invocations
 15828 | Lair:4   | Reached skill level 12 in Armour
 15864 | Lair:4   | Reached skill level 5 in Invocations
 16109 | Lair:4   | Reached skill level 8 in Fighting
 16109 | Lair:4   | Reached skill level 6 in Invocations
 16421 | Lair:4   | You fall into a shaft and drop 1 floor!
 16421 | Lair:5   | Entered Level 5 of the Lair of Beasts
 16493 | Lair:5   | Reached skill level 7 in Invocations
 16533 | Lair:5   | HP: 9/99 [cane toad (15)]
 16816 | Lair:4   | Identified the +10 falchion of Insomnia {venom, rN+++ Str-5
                  | Int-5 Dex+2}
 16840 | Lair:4   | Found a runed translucent door.
 16851 | Lair:4   | Found a shimmering altar of Xom.
 16851 | Lair:4   | Noticed oldriver's ghost (journeyman MeRe)
 17453 | Lair:5   | Reached skill level 8 in Invocations
 17455 | Lair:5   | Corrupted Lair:5
 17455 | Lair:5   | Noticed a tentacled starspawn
 17455 | Lair:5   | Noticed a lich
 17455 | Lair:5   | Noticed a lich
 17464 | Lair:5   | Reached skill level 9 in Fighting
 17528 | Lair:5   | Killed from afar by a lich

Vanquished Creatures
  Erolcha (D:10)
  3 hydras
  2 boulder beetles
  A two-headed ogre (D:9)
  4 death yaks
  Urug (Lair:3)
  A manticore (D:11)
  15 elephants
  A black mamba (Lair:5)
  11 cane toads
  2 gargoyles
  A torpor snail (Lair:2)
  2 rime drakes
  2 unseen horrors
  2 kobold demonologists (D:11)
  6 komodo dragons
  2 trolls
  3 polar bears
  A tyrant leech (Lair:5)
  A hornet (D:9)
  26 blink frogs
  Grinder (D:6)
  A jumping spider (Lair:2)
  Sigmund (D:6)
  2 shadows
  5 wyverns
  A wraith (D:11)
  34 yaks
  Grum (D:10)
  6 basilisks
  7 vampire mosquitoes
  5 steam dragons
  4 acid dragons
  Duvessa (D:4)
  8 water moccasins
  6 orc warriors
  2 sky beasts
  3 ice beasts
  3 ogres
  A black bear (D:6)
  11 wolves
  11 centaurs
  2 phantoms (D:4)
  Blork the orc (D:3)
  6 kobold brigands
  9 bullfrogs
  2 scorpions (D:5)
  A gnoll sergeant (D:9)
  3 wights
  Dowan (D:4)
  13 killer bees
  2 electric eels (D:8)
  7 howler monkeys
  5 centaur zombies (Ossuary)
  2 gnoll boudas
  A human zombie (Ossuary)
  3 hounds
  2 orc priests
  3 jellies
  5 iguanas
  A sleepcap (D:4)
  Jessica (D:2)
  Ijyb (D:4)
  8 orc wizards
  A centaur simulacrum (D:8)
  7 mummies (Ossuary)
  2 killer bee simulacra (D:8)
  6 gnolls
  3 adders
  3 white imps
  2 howler monkey simulacra (D:8)
  2 ufetubi
  7 adder zombies (Ossuary)
  A worm (D:2)
  4 dart slugs
  34 orcs
  6 ball pythons
  5 endoplasms
  7 giant cockroaches
  4 hobgoblins
  7 jackals
  A quokka (D:1)
  5 bats
  5 frilled lizards
  10 goblins
  6 goblin zombies
  3 hobgoblin zombies (Ossuary)
  13 kobolds
  4 kobold zombies (Ossuary)
  2 quokka zombies (Ossuary)
  2 rats (D:2)
  4 rat zombies
437 creatures vanquished.

Vanquished Creatures (collateral kills)
  An orc (D:6)
1 creature vanquished.

Vanquished Creatures (others)
  A hydra (Lair:5)
  A skyshark (Lair:5)
  10 cane toads (Lair:5)
  2 komodo dragons (Lair:5)
  A rime drake (Lair:5)
  2 polar bears (Lair:5)
  A tyrant leech (Lair:5)
  4 blink frogs (Lair:5)
  A yak (Lair:5)
  2 vampire mosquitoes (Lair:5)
  A water moccasin (Lair:5)
  5 bullfrogs (Lair:5)
  2 orcs (D:8)
  22 fungi
  96 plants
  2 starspawn tentacles (Lair:5)
153 creatures vanquished.

Grand Total: 591 creatures vanquished

Table legend: (Time is in decaauts)
 A = Elapsed time spent in this place.
 B = Non-inter-level travel time spent in this place.
 C = Inter-level travel time spent in this place.
 D = Time resting spent in this place.
 E = Time spent auto-exploring this place.
 F = Levels seen in this place.
 G = Mean time per level.
                   A        B        C        D        E       F      G
               +--------+--------+--------+--------+--------+-----+--------+
         Total |  17166 |  16610 |    556 |   2811 |  11031 |  18 |  953.7 |
       Dungeon |  11546 |  11144 |    402 |   1954 |   7402 |  11 | 1049.6 |
          Lair |   5141 |   4987 |    154 |    827 |   3344 |   5 | 1028.2 |
         Abyss |     26 |     26 |      0 |     26 |      0 |   1 |   26.0 |
       Ossuary |    451 |    451 |      0 |      4 |    285 |   1 |  451.0 |
               +--------+--------+--------+--------+--------+-----+--------+

Top non-repeatable levels by time:
  Lair:3: 1475 daAuts
     D:9: 1465 daAuts
  Lair:4: 1454 daAuts
    D:11: 1261 daAuts
  Lair:2: 1247 daAuts
     D:8: 1207 daAuts
     D:6: 1132 daAuts
     D:7: 1067 daAuts
     D:3: 1050 daAuts
     D:4: 964 daAuts
    D:10: 943 daAuts
     D:2: 935 daAuts
     D:5: 773 daAuts
  Lair:1: 772 daAuts
     D:1: 743 daAuts

Table legend:
 A = Non-vault XP
 B = Vault XP
 C = Vault XP percentage of total XP
 D = Non-vault monster count
 E = Vault monster count
 F = Vault count percentage of total count
                 A         B        C        D         E       F
            +---------+---------+-------+---------+---------+-------
      Total |   44845 |   17547 |  28.1 |     325 |     120 |  27.0
            +---------+---------+-------+---------+---------+-------
        D:1 |      48 |       0 |   0.0 |      25 |       0 |   0.0
        D:2 |      54 |      37 |  40.7 |      19 |       1 |   5.0
        D:3 |     145 |      96 |  39.8 |      15 |       1 |   6.2
        D:4 |     373 |     250 |  40.1 |      20 |       3 |  13.0
        D:5 |     585 |       0 |   0.0 |      18 |       0 |   0.0
        D:6 |    1104 |     492 |  30.8 |      21 |       4 |  16.0
        D:7 |    1078 |     556 |  34.0 |      15 |       3 |  16.7
        D:8 |    1549 |     343 |  18.1 |      22 |       9 |  29.0
        D:9 |    1570 |    3485 |  68.9 |      15 |      19 |  55.9
       D:10 |    2697 |    1292 |  32.4 |      18 |       4 |  18.2
       D:11 |    5371 |    2311 |  30.1 |      37 |      13 |  26.0
     Lair:1 |    4335 |    1484 |  25.5 |      20 |       6 |  23.1
     Lair:2 |    4889 |    3021 |  38.2 |      15 |       7 |  31.8
     Lair:3 |    4288 |     787 |  15.5 |      15 |       1 |   6.2
     Lair:4 |   10886 |     548 |   4.8 |      31 |       2 |   6.1
     Lair:5 |    5873 |    2388 |  28.9 |      19 |      10 |  34.5
    Ossuary |       0 |     457 | 100.0 |       0 |      37 | 100.0
            +---------+---------+-------+---------+---------+-------
